Workbook

Sheet BOQ
A1: COUNTER | B1: ISC | C1: SECTION | D1: BILL | E1: PAGE NO | F1: ITEM NO | G1: DOC REF | H1: PAY REF | L1: QUANTITY | M1: RATE | N1: AMOUNT
A3: 3 | B3: 12549 | C3: 0 | D3: 0 | G3: 1 | J3: THE REHABILITATION OF THE CURATORS HOUSE AT THE THOHOYANDOU NATIONAL BOTANICAL GARDEN IN THOHOYANDOU
A5: 12 | B5: 12587 | C5: 0 | D5: 0 | G5: 2 | J5: BILL OF QUANTITIES
A7: 13 | B7: 12588 | C7: 0 | D7: 0 | G7: 2 | J7: PRICING INSTRUCTIONS
A9: 14 | B9: 12589 | C9: 0 | D9: 0 | G9: 2 | J9: 1. Measuring System
A11: 15 | B11: 12590 | C11: 0 | D11: 0 | G11: 2 | J11: 1.1) The Bills of Quantities have been drawn up in accordance with the Standard System of Measuring Building Work (as amended) published and issued by the Association of South African Quantity Surveyors (Seventh Edition), 2015.
A13: 16 | B13: 12591 | C13: 0 | D13: 0 | G13: 2 | J13: 1.2) The quantities are provisional and will be re-measured upon completion of the works. The Contractor shall not use these quantities for ordering of materials. The Contractor must immediately notify the Quantity Surveyor if discrepancies are found between the quantities and/or descriptions in these Bills of Quantities and the Contractor's quantities measured from construction drawings and specifications.
A15: 17 | B15: 12592 | C15: 0 | D15: 0 | G15: 2 | J15: 2. General Pricing Notes
A17: 18 | B17: 12593 | C17: 0 | D17: 0 | G17: 2 | J17: 2.1) For the purposes of this Bill of Quantities, the following words shall have the meanings hereby assigned to them: Unit : The unit of measurement for each item of work as defined in the Standardized, Project or Particular Specifications Quantity : The number of units of work for each item Rate : The payment per unit of work at each which the Tenderer quotes to do the work Amount : The quantity of an item multiplied by the quoted rate of the (same) item Sum : An amount quoted for an item, the extent of which is described in the Bill of Quantities, the Specifications or elsewhere, but of which the quantity of work is not measured in units
A19: 19 | B19: 12594 | C19: 0 | D19: 0 | G19: 3 | J19: 2.2) The units of measurements indicated in the bill of Quantities are metric units. The following abbreviations may appear in the Bill of Quantities: mm = millimetre m = metre km = kilometre m"² = square metre ha = hectare m"³ = cubic metre m"³-km = cubic metre-kilometre No. = number Sum = Lump Sum l = litre kW = kilowatt kN = kilonewton kg = kilogram kPa = kilopascal t = tonne (1000kg) % = percent MN = meganewton MN-m = meganewton-metre MPa = megapascal PC Sum = Prime Cost Sum (Cost of material supplied excluding vat, profit and labour, but including transport and delivery costs) Prov Sum = Provisional Sum
A21: 20 | B21: 12595 | C21: 0 | D21: 0 | G21: 3 | J21: 2.3) The short descriptions of the items of payment given in the bill of quantities are only for the purposes of identifying the items. Detail regarding the extent of the work entailed under each item is provided in the Scope.
A23: 21 | B23: 12596 | C23: 0 | D23: 0 | G23: 3 | J23: 2.4) Unless otherwise stated, items are measured net in accordance with the drawings and no allowance is made for waste.
A25: 22 | B25: 12597 | C25: 0 | D25: 0 | G25: 3 | J25: 2.5) The prices and rates to be inserted in the Bills of Quantities are to be the full inclusive for the work described under the several items. Such prices and rates shall cover all costs and expenses that may be required in and for the execution of the work described, and shall cover the cost of all general risks, liabilities and obligations set forth or implied in the documents on which the quotation is based, as well as overhead charges and profit. Reasonable prices shall be inserted as these will be used as a basis for assessment of payment for additional work that may have to be carried out.
... A69: 44 | B69: 12620 | C69: 0 | D69: 0 | G69: 5 | J69: 7.1) Reference to any particular trademark, name, patent, design, type, specific origin or producer is purely to establish a standard for requirements. Products or articles of an equivalent standard may be substituted, subject to the Principal Agent"s approval.
A71: 45 | B71: 13344 | C71: 1 | D71: 1 | E71: 6 | G71: 6 | J71: SECTION 1
A73: 46 | B73: 13345 | C73: 1 | D73: 1 | E73: 6 | G73: 6 | J73: BILL NO. 1
A75: 47 | B75: 13347 | C75: 1 | D75: 1 | E75: 6 | G75: 6 | J75: PRELIMINARIES
A77: 48 | B77: 13348 | C77: 1 | D77: 1 | E77: 6 | G77: 6 | J77: BUILDING AGREEMENT AND PRELIMINARIES
A79: 49 | B79: 13349 | C79: 1 | D79: 1 | E79: 6 | G79: 6 | J79: The Conditions of Contract are the JBCC Series 2000 Principal Building Agreement (Edition 5.0 (reprint 1) of July 2007), inclusive of the Contract Data Addenda EC and CE, prepared by the Joint Building Contracts Committee Inc. amended as hereinafter described
A81: 50 | B81: 13350 | C81: 1 | D81: 1 | E81: 6 | G81: 6 | J81: The ASAQS Preliminaries (August 2010 edition) published by the Association of South African Quantity Surveyors for use with the said JBCC Principal Building Agreement inclusive of the Contract Data Addenda EC and CE shall be deemed to be incorporated hereinafter
A83: 51 | B83: 13351 | C83: 1 | D83: 1 | E83: 6 | G83: 6 | J83: The contractor is deemed to have referred to the abovementioned documents for the full intent and meaning of each clause. In addition the contractor is deemed to have referred to the amendments to the general conditions of contract as well as the specific conditions of contract
A85: 52 | B85: 13352 | C85: 1 | D85: 1 | E85: 6 | G85: 6 | J85: These clauses are hereinafter referred to by clause number and heading only. Where standard clauses or alternatives are not entirely applicable to this agreement such modifications, corrections or supplements as will apply are given under each relevant clause heading and such modifications, corrections or supplements shall take precedence notwithstanding anything contrary contained in the abovementioned documents
A87: 53 | B87: 13353 | C87: 1 | D87: 1 | E87: 7 | G87: 7 | J87: Where modifications or amendments as described are made, such modification and/or amendments shall supersede any conflicting provision in the relevant clauses of the Preliminaries or the Principal Building Agreement and the Tenderer shall make due allowance for whatever costs and charges he may consider necessary for the carrying out and observance of the provisions of the clauses as modified and/or amended.
A89: 54 | B89: 13354 | C89: 1 | D89: 1 | E89: 7 | G89: 7 | J89: Where any item is not relevant to this specific agreement such item is marked not applicable (N/A)
A91: 55 | B91: 13355 | C91: 1 | D91: 1 | E91: 7 | G91: 7 | J91: PREAMBLES FOR TRADES
A93: 56 | B93: 13356 | C93: 1 | D93: 1 | E93: 7 | G93: 7 | J93: Tenderers are referred to the General Preambles for Trades (2017 Edition as recommended and published by the Association of South African Quantity Surveyors) and to the Supplementary Preambles to all Trades. These preambles shall be deemed to be incorporated in these bills of quantities and no claims arising from brevity of description of items fully described in the said Model Preambles will be entertained. The Tenderer must study the General Preambles and the Supplementary Preambles to all Trades before pricing this document and the quotation sum shall cover all costs and charges that may be considered necessary by the tenderer for the carrying out and observance of the provisions of the General Preambles and the Supplementary Preambles to all Trades.
... A115: 67 | B115: 13368 | C115: 1 | D115: 1 | E115: 9 | G115: 9 | J115: Definitions (A1)
A117: 68 | B117: 13369 | C117: 1 | D117: 1 | E117: 9 | F117: 1 | G117: 9.1 | J117: Clause 1.0 - Definitions and interpretation Replace the definitions with the following wording: AGREEMENT: The agreement arising from the signing of the Form of Offer and Acceptance by the parties | K117: CONT | L117: 0
A119: 69 | B119: 13370 | C119: 1 | D119: 1 | E119: 9 | G119: 9 | J119: BILLS OF QUANTITIES: The document drawn up in accordance with the measuring system as stated in the Pricing Data. The contractor shall have priced the document to reflect the contract sum CONTRACT DOCUMENTS: The documents listed in the Form of Offer and Acceptance | K119: CONT | L119: 0
A121: 70 | B121: 13371 | C121: 1 | D121: 1 | E121: 9 | G121: 9 | J121: CONTRACT DRAWINGS: The drawings stated in the RFQ document upon which the accepted quotation or negotiated amount was based CONTRACT SUM: The total of prices inclusive of VAT as stated in the Form of Offer and Acceptance Add the following definitions: SCOPE OF WORK: The listed variables applicable to this agreement SITE INFORMATION: The listed variables applicable to this agreement F:............................. V:............................ T:............................ | K121: Item | L121: 1 | M121: 0 | N121: =ROUND(L121*M121,2) -> 0
A123: 71 | B123: 13372 | C123: 1 | D123: 1 | E123: 10 | G123: 10 | J123: Objective and preparation (A2 - A14)
A125: 72 | B125: 13373 | C125: 1 | D125: 1 | E125: 10 | F125: 2 | G125: 10.2 | J125: Clause 2.0 - Offer acceptance and performance obligations F:............................. V:............................ T:............................ | K125: Item | L125: 1 | N125: =ROUND(L125*M125,2) -> 0
A127: 73 | B127: 13374 | C127: 1 | D127: 1 | E127: 10 | F127: 3 | G127: 10.3 | J127: Clause 3.0 - Documents The contract drawings are issued with the RFQF:............................. V:............................ T:............................ | K127: Item | L127: 1 | N127: =ROUND(L127*M127,2) -> 0
A129: 74 | B129: 13375 | C129: 1 | D129: 1 | E129: 10 | F129: 4 | G129: 10.4 | J129: Clause 4.0 - Design responsibility F:............................. V:............................ T:............................ | K129: Item | L129: 1 | N129: =ROUND(L129*M129,2) -> 0
A131: 75 | B131: 13376 | C131: 1 | D131: 1 | E131: 10 | F131: 5 | G131: 10.5 | J131: Clause 5.0 - Employer's agents F:............................. V:............................ T:............................ | K131: Item | L131: 1 | N131: =ROUND(L131*M131,2) -> 0
A133: 76 | B133: 13377 | C133: 1 | D133: 1 | E133: 10 | F133: 6 | G133: 10.6 | J133: Clause 6.0 - Contractor's site representative F:............................. V:............................ T:............................ | K133: Item | L133: 1 | N133: =ROUND(L133*M133,2) -> 0
A135: 77 | B135: 13378 | C135: 1 | D135: 1 | E135: 11 | F135: 7 | G135: 11.7 | J135: Clause 7.0 - Compliance with laws and regulations Without limiting the generality of the provisions of clause 7.0, the contractor's attention is drawn to the provisions of the Construction Regulations, 2014 issued in terms of the Occupational Health and Safety Act, 1993. It is specifically stated that the employer shall prepare a documented health and safety specification for the works and that the employer shall ensure that the contractor has made provision for the cost of health and safety measures during the execution of the works. The contractor shall price opposite this item for compliance with the act and the regulations and the reasonable provisions of the aforementioned health and safety specifications. Contractor to provide a detailed breakdown of all costs for health and safety measures, as per the requirements within the Construction RegulationsF:............................. V:............................ T:............................ | K135: Item | L135: 1 | N135: =ROUND(L135*M135,2) -> 0
A137: 78 | B137: 13379 | C137: 1 | D137: 1 | E137: 11 | F137: 8 | G137: 11.8 | J137: Clause 8.0 - Works risk F:............................. V:............................ T:............................ | K137: Item | L137: 1 | N137: =ROUND(L137*M137,2) -> 0
A139: 79 | B139: 13380 | C139: 1 | D139: 1 | E139: 11 | F139: 9 | G139: 11.9 | J139: Clause 9.0 - Indemnities F:............................. V:............................ T:............................ | K139: Item | L139: 1 | N139: =ROUND(L139*M139,2) -> 0
A141: 80 | B141: 13381 | C141: 1 | D141: 1 | E141: 11 | F141: 10 | G141: 11.10 | J141: Clause 10.0 - General insurances F:........................... V:............................T:........................... | K141: Item | L141: 1 | N141: =ROUND(L141*M141,2) -> 0
A143: 81 | B143: 13382 | C143: 1 | D143: 1 | E143: 11 | F143: 11 | G143: 11.11 | J143: Clause 11.0 - Special insurances F:............................. V:............................ T:........................... | K143: Item | L143: 1 | N143: =ROUND(L143*M143,2) -> 0
A145: 82 | B145: 13383 | C145: 1 | D145: 1 | E145: 12 | F145: 12 | G145: 12.12 | J145: Clause 12.0 - Effecting insurances F:............................ V:............................T:.......................... | K145: Item | L145: 1 | N145: =ROUND(L145*M145,2) -> 0
A147: 83 | B147: 13384 | C147: 1 | D147: 1 | E147: 12 | F147: 13 | G147: 12.13 | J147: Clause 13.0 - Assignment F:............................. V:............................ T:............................ | K147: Item | L147: 1 | N147: =ROUND(L147*M147,2) -> 0
A149: 84 | B149: 13385 | C149: 1 | D149: 1 | E149: 12 | F149: 14 | G149: 12.14 | J149: Clause 14.0 - Security F:............................. V:............................ T:............................ | K149: Item | L149: 1 | N149: =ROUND(L149*M149,2) -> 0
A151: 85 | B151: 13386 | C151: 1 | D151: 1 | E151: 12 | G151: 12 | J151: Execution (A15 - A23)
A153: 86 | B153: 13387 | C153: 1 | D153: 1 | E153: 12 | F153: 15 | G153: 12.15 | J153: Clause 15.0 - Preparation for and execution of the works F:............................. V:............................ T:............................ | K153: Item | L153: 1 | N153: =ROUND(L153*M153,2) -> 0
A155: 87 | B155: 13388 | C155: 1 | D155: 1 | E155: 12 | F155: 16 | G155: 12.16 | J155: Clause 16.0 - Site and access F:............................. V:............................ T:............................ | K155: Item | L155: 1 | N155: =ROUND(L155*M155,2) -> 0
A157: 88 | B157: 13389 | C157: 1 | D157: 1 | E157: 12 | F157: 17 | G157: 12.17 | J157: Clause 17.0 - Contract instructions F:............................. V:............................ T:............................ | K157: Item | L157: 1 | N157: =ROUND(L157*M157,2) -> 0
A159: 89 | B159: 13390 | C159: 1 | D159: 1 | E159: 12 | F159: 18 | G159: 12.18 | J159: Clause 18.0 - Setting out of the works The contractor shall notify the principal agent if any encroachments of adjoining foundations, buildings, structures, pavements, boundaries, etc. exist in order that the necessary arrangements may be made for the rectification of any such encroachments [18.1]F: ............................ V:...........................T:........................... | K159: Item | L159: 1 | N159: =ROUND(L159*M159,2) -> 0
A161: 90 | B161: 13391 | C161: 1 | D161: 1 | E161: 13 | F161: 19 | G161: 13.19 | J161: Clause 19.0 - Temporary works and plant F:............................. V:............................ T:............................ | K161: Item | L161: 1 | N161: =ROUND(L161*M161,2) -> 0
A163: 91 | B163: 13392 | C163: 1 | D163: 1 | E163: 13 | F163: 20 | G163: 13.20 | J163: Clause 20.0 - Nominated subcontractors F:............................. V:............................ T:............................ | K163: Item | L163: 1 | N163: =ROUND(L163*M163,2) -> 0
A165: 92 | B165: 13393 | C165: 1 | D165: 1 | E165: 13 | F165: 21 | G165: 13.21 | J165: Clause 21.0 - Selected subcontractors General attendance of n/s subcontractors for pricing by the contractor shall be in accordance with the n/s agreement. Notwithstanding this provision, general attendance shall be deemed to include for the contractor to provide free of charge to any n/s subcontractor such scaffolding as may reasonably be required by such n/s subcontractor for the execution of the relevant subcontract workF:............................. V:............................ T:............................ | K165: Item | L165: 1 | N165: =ROUND(L165*M165,2) -> 0
A167: 93 | B167: 13394 | C167: 1 | D167: 1 | E167: 13 | F167: 22 | G167: 13.22 | J167: Clause 22.0 - Employer's direct contractors F:............................. V:............................ T:............................ | K167: Item | L167: 1 | N167: =ROUND(L167*M167,2) -> 0
A169: 94 | B169: 13395 | C169: 1 | D169: 1 | E169: 13 | F169: 23 | G169: 13.23 | J169: Clause 23.0 - Contractor's domestic subcontractors F:............................. V:............................ T:............................ | K169: Item | L169: 1 | N169: =ROUND(L169*M169,2) -> 0
A171: 95 | B171: 13396 | C171: 1 | D171: 1 | E171: 13 | G171: 13 | J171: Completion (A24 - A30)
A173: 96 | B173: 13397 | C173: 1 | D173: 1 | E173: 13 | F173: 24 | G173: 13.24 | J173: Clause 24.0 - Practical completion F:............................. V:............................ T:............................ | K173: Item | L173: 1 | N173: =ROUND(L173*M173,2) -> 0
A175: 97 | B175: 13398 | C175: 1 | D175: 1 | E175: 13 | F175: 25 | G175: 13.25 | J175: Clause 25.0 - Works completion F:............................. V:............................ T:............................ | K175: Item | L175: 1 | N175: =ROUND(L175*M175,2) -> 0
A177: 98 | B177: 13399 | C177: 1 | D177: 1 | E177: 14 | F177: 26 | G177: 14.26 | J177: Clause 26.0 - Final completion F:............................. V:............................ T:............................ | K177: Item | L177: 1 | N177: =ROUND(L177*M177,2) -> 0
A179: 99 | B179: 13400 | C179: 1 | D179: 1 | E179: 14 | F179: 27 | G179: 14.27 | J179: Clause 27.0 - Latent defects liability period F:............................. V:............................ T:............................ | K179: Item | L179: 1 | N179: =ROUND(L179*M179,2) -> 0
A181: 100 | B181: 13401 | C181: 1 | D181: 1 | E181: 14 | F181: 28 | G181: 14.28 | J181: Clause 28.0 - Sectional completion F:............................. V:............................ T:............................ | K181: Item | L181: 1 | N181: =ROUND(L181*M181,2) -> 0
A183: 101 | B183: 13402 | C183: 1 | D183: 1 | E183: 14 | F183: 29 | G183: 14.29 | J183: Clause 29.0 - Revision of date for practical completion F:............................. V:............................ T:............................ | K183: Item | L183: 1 | N183: =ROUND(L183*M183,2) -> 0
A185: 102 | B185: 13403 | C185: 1 | D185: 1 | E185: 14 | F185: 30 | G185: 14.30 | J185: Clause 30.0 - Penalty for late or non-completion F:............................. V:............................ T:............................ | K185: Item | L185: 1 | N185: =ROUND(L185*M185,2) -> 0
A187: 103 | B187: 13404 | C187: 1 | D187: 1 | E187: 14 | G187: 14 | J187: Payment (A31 - A35)
A189: 104 | B189: 13405 | C189: 1 | D189: 1 | E189: 14 | F189: 31 | G189: 14.31 | J189: Clause 31.0 - Interim payment F:............................. V:............................ T:............................ | K189: Item | L189: 1 | N189: =ROUND(L189*M189,2) -> 0
A191: 105 | B191: 13406 | C191: 1 | D191: 1 | E191: 15 | F191: 32 | G191: 15.32 | J191: Clause 32.0 - Adjustment to the contract value All fluctuations in costs, with the exception of fluctuations in the rate of Value Added Tax, shall be for the account of the contractor [32.13]Where prices are submitted by the contractor or n/s subcontractor during the progress of the works in respect of contract instructions or in regard to a claim under the terms of the agreement and notwithstanding the fact that such prices may be used in an interim payment certificate, there is to be no presumption of acceptance. Should the principal agent wish to accept any such prices prior to the issue of the certificate of final completion, it shall be in writing.F:............................. V:............................ T:............................ | K191: Item | L191: 1 | N191: =ROUND(L191*M191,2) -> 0
A193: 106 | B193: 13407 | C193: 1 | D193: 1 | E193: 15 | F193: 33 | G193: 15.33 | J193: Clause 33.0 - Recovery of expense and loss F:............................. V:............................ T:............................ | K193: Item | L193: 1 | N193: =ROUND(L193*M193,2) -> 0
A195: 107 | B195: 13408 | C195: 1 | D195: 1 | E195: 15 | F195: 34 | G195: 15.34 | J195: Clause 34.0 - Final account and final payment F:............................. V:............................ T:............................ | K195: Item | L195: 1 | N195: =ROUND(L195*M195,2) -> 0
A197: 108 | B197: 13409 | C197: 1 | D197: 1 | E197: 15 | F197: 35 | G197: 15.35 | J197: Clause 35.0 - Payment to other parties F:............................. V:............................ T:............................ | K197: Item | L197: 1 | N197: =ROUND(L197*M197,2) -> 0
A199: 109 | B199: 13410 | C199: 1 | D199: 1 | E199: 15 | G199: 15 | J199: Termination (A36 - A39)
A201: 110 | B201: 13411 | C201: 1 | D201: 1 | E201: 15 | F201: 36 | G201: 15.36 | J201: Clause 36.0 - Termination by employer - contractor's default F:............................. V:............................ T:............................ | K201: Item | L201: 1 | N201: =ROUND(L201*M201,2) -> 0
A203: 111 | B203: 13412 | C203: 1 | D203: 1 | E203: 16 | F203: 37 | G203: 16.37 | J203: Clause 37.0 - Termination by employer - loss and damage F:............................. V:............................ T:............................ | K203: Item | L203: 1 | N203: =ROUND(L203*M203,2) -> 0
A205: 112 | B205: 13413 | C205: 1 | D205: 1 | E205: 16 | F205: 38 | G205: 16.38 | J205: Clause 38.0 - Termination by contractor - employer's default F:............................. V:............................ T:............................ | K205: Item | L205: 1 | N205: =ROUND(L205*M205,2) -> 0
A207: 113 | B207: 13414 | C207: 1 | D207: 1 | E207: 16 | F207: 39 | G207: 16.39 | J207: Clause 39.0 - Termination - cessation of the works F:............................. V:............................ T:............................ | K207: Item | L207: 1 | N207: =ROUND(L207*M207,2) -> 0
A209: 114 | B209: 13415 | C209: 1 | D209: 1 | E209: 16 | G209: 16 | J209: Dispute (A40)
A211: 115 | B211: 13416 | C211: 1 | D211: 1 | E211: 16 | F211: 40 | G211: 16.40 | J211: Clause 40.0 - Settlement of disputes F:............................. V:............................ T:............................ | K211: Item | L211: 1 | N211: =ROUND(L211*M211,2) -> 0
A213: 116 | B213: 13417 | C213: 1 | D213: 1 | E213: 16 | G213: 16 | J213: SUMMARY OF CATEGORIES
A215: 117 | B215: 13418 | C215: 1 | D215: 1 | E215: 16 | G215: 16 | J215: Category : Fixed R......................................................... Category : Value R......................................................... Category : Time R.........................................................
A217: 119 | B217: 13489 | C217: 1 | D217: 2 | E217: 18 | G217: 18 | J217: SECTION 1
A219: 120 | B219: 13490 | C219: 1 | D219: 2 | E219: 18 | G219: 18 | J219: BILL NO. 2
A221: 121 | B221: 13491 | C221: 1 | D221: 2 | E221: 18 | G221: 18 | J221: SECTION B - JBCC PRELIMINARIES
A223: 122 | B223: 13492 | C223: 1 | D223: 2 | E223: 18 | G223: 18 | J223: Definitions and interpretation (B1)
A225: 123 | B225: 13493 | C225: 1 | D225: 2 | E225: 18 | F225: 1 | G225: 18.1 | J225: Clause 1.0 - Definitions and interpretation F:............................. V:............................ T:............................ | K225: Item | L225: 1 | N225: =ROUND(L225*M225,2) -> 0
A227: 124 | B227: 13494 | C227: 1 | D227: 2 | E227: 18 | G227: 18 | J227: Documents (B2)
A229: 125 | B229: 13495 | C229: 1 | D229: 2 | E229: 18 | F229: 2 | G229: 18.2 | J229: Clause 2.1 - Checking of documents F:............................. V:............................ T:............................ | K229: Item | L229: 1 | N229: =ROUND(L229*M229,2) -> 0
A231: 126 | B231: 13496 | C231: 1 | D231: 2 | E231: 18 | G231: 18 | J231: Clause 2.2 - Provisional bills of quantities These bills of quantities are provisionally measured.F:............................. V:............................ T:............................ | K231: Item | L231: 1 | N231: =ROUND(L231*M231,2) -> 0
A233: 127 | B233: 13497 | C233: 1 | D233: 2 | E233: 18 | G233: 18 | J233: Clause 2.3 - Availability of construction documentation The budgetary allowances and selected/nominated subcontract amounts allocated for subsequent trades included in this document will be separately procured, based on multiple procurement of selected/nominated subcontractors during the construction period, or to be executed by the Main Contractor and priced at Bill rates or rates to be agreed. To be used in part or in full at the discretion of the Principal Agent.F:............................. V:............................ T:............................ | K233: Item | L233: 1 | N233: =ROUND(L233*M233,2) -> 0
A235: 128 | B235: 13498 | C235: 1 | D235: 2 | E235: 19 | G235: 19 | J235: Previous work and adjoining properties (B3)
A237: 129 | B237: 13499 | C237: 1 | D237: 2 | E237: 19 | F237: 3 | G237: 19.3 | J237: Clause 3.1 - Previous work - dimensional accuracy F:............................. V:............................ T:............................ | K237: Item | L237: 1 | N237: =ROUND(L237*M237,2) -> 0
A239: 130 | B239: 13500 | C239: 1 | D239: 2 | E239: 19 | G239: 19 | J239: Clause 3.2 - Previous work - defects F:............................. V:............................ T:............................ | K239: Item | L239: 1 | N239: =ROUND(L239*M239,2) -> 0
A241: 131 | B241: 13501 | C241: 1 | D241: 2 | E241: 19 | G241: 19 | J241: Clause 3.3 - Inspection of adjoining properties F:............................. V:............................ T:............................ | K241: Item | L241: 1 | N241: =ROUND(L241*M241,2) -> 0
A243: 132 | B243: 13502 | C243: 1 | D243: 2 | E243: 19 | G243: 19 | J243: Samples, shop drawings and manufacturer's instructions (B4)
A245: 133 | B245: 13503 | C245: 1 | D245: 2 | E245: 19 | F245: 4 | G245: 19.4 | J245: Clause 4.1 - Samples of materials F:............................. V:............................ T:............................ | K245: Item | L245: 1 | N245: =ROUND(L245*M245,2) -> 0
A247: 134 | B247: 13504 | C247: 1 | D247: 2 | E247: 19 | G247: 19 | J247: Clause 4.2 - Workmanship samples F:............................. V:............................ T:............................ | K247: Item | L247: 1 | N247: =ROUND(L247*M247,2) -> 0
A249: 135 | B249: 13505 | C249: 1 | D249: 2 | E249: 19 | G249: 19 | J249: Clause 4.3 - Shop drawings F:............................. V:............................ T:............................ | K249: Item | L249: 1 | N249: =ROUND(L249*M249,2) -> 0
A251: 136 | B251: 13506 | C251: 1 | D251: 2 | E251: 19 | G251: 19 | J251: Clause 4.4 - Compliance with manufacturer's instructions F:............................. V:............................ T:............................ | K251: Item | L251: 1 | N251: =ROUND(L251*M251,2) -> 0
A253: 137 | B253: 13507 | C253: 1 | D253: 2 | E253: 20 | G253: 20 | J253: Deposits and fees (B5)
A255: 138 | B255: 13508 | C255: 1 | D255: 2 | E255: 20 | F255: 5 | G255: 20.5 | J255: Clause 5.1 - Deposits and fees F:............................. V:............................ T:............................ | K255: Item | L255: 1 | N255: =ROUND(L255*M255,2) -> 0
A257: 139 | B257: 13509 | C257: 1 | D257: 2 | E257: 20 | G257: 20 | J257: Temporary services (B6)
A259: 140 | B259: 13510 | C259: 1 | D259: 2 | E259: 20 | F259: 6 | G259: 20.6 | J259: Clause 6.1 - Water Water for the works is described in : Contract Data EC F:............................. V:............................ T:............................ | K259: Item | L259: 1 | N259: =ROUND(L259*M259,2) -> 0
A261: 141 | B261: 13511 | C261: 1 | D261: 2 | E261: 20 | G261: 20 | J261: Clause 6.2 - Electricity Electricity for the works is described in : Contract Data EC F:............................. V:............................ T:............................ | K261: Item | L261: 1 | N261: =ROUND(L261*M261,2) -> 0
...

Sheet Final Summary
B2: FINAL SUMMARY
A4: Section | C4: Page | E4: Amount
A5: No | C5: No
A7: 1 | B7: Preliminaries | C7: 38 | D7: R | E7: =BOQ!N1172 -> 0
A9: 2 | B9: Building Works | C9: 83 | D9: R | E9: =BOQ!N1174 -> 0
A11: 3 | B11: Provisional Sums | C11: 86 | D11: R | E11: =BOQ!N1176 -> 0
B13: SUB- TOTAL | D13: R | E13: =SUM(E7:E11) -> 0
B15: Services (Electrical) Amount brought forward from electrical BOQ | C15: 94 | D15: R | E15: =BOQ!N1180 -> 0
B17: Contingency | D17: R | E17: =BOQ!N1184 -> 30000 | F17: -
B20: SUB- TOTAL EXCLUDING VAT | D20: R | E20: =E13+E17 -> 30000
B22: ADD: VALUE ADDED TAX @15% | D22: R | E22: =E20*0.15 -> 4500
B42: Total including VAT carried to form of offer and acceptance | D42: R | E42: =E20+E22 -> 34500
